 Dungeon Crawl Stone Soup version 0.27-a0-1448-g9c78c815f3 (webtiles) character file.

Game seed: 1249984488256479367

4567 AarnesTheHuman the Blocker (level 10, -2/82 HPs)
             Began as a Formicid Fighter on July 5, 2021.
             Was an Elder of Okawaru.
             Killed from afar by an electric eel (8 damage)
             ... with a bolt of electricity
             ... on level 6 of the Dungeon.
             The game lasted 00:20:22 (10310 turns).

AarnesTheHuman the Blocker (Formicid Fighter)      Turns: 10310, Time: 00:20:22

Health: -2/82      AC: 18    Str: 30    XL:     10   Next: 67%
Magic:  11/13      EV: 10    Int:  8    God:    Okawaru [****..]
Gold:   250        SH: 15    Dex: 10    Spells: 9/9 levels left

rFire    . . .     SeeInvis +   a - +0 quarterstaff
rCold    . . .     Faith    .   c - +1 kite shield
rNeg     . . .     Spirit   .   r - +0 plate armour
rPois    .         Reflect  .   (helmet unavailable)
rElec    .         Harm     .   (no cloak)
rCorr    .         Rampage  .   (no gloves)
Will     +....                  l - +1 pair of boots
Stlth    ..........             (no amulet)
HPRegen  0.23/turn              w - +6 ring of strength
MPRegen  0.13/turn              (no ring)

@: mighty, heroic, very slow
A: permanent stasis, dig shafts and tunnels, antennae 3, four strong arms
a: Dig, Shaft Self, Renounce Religion, Heroism


You were on level 6 of the Dungeon.
You worshipped Okawaru.
Okawaru was greatly pleased with you.
You visited 2 branches of the dungeon, and saw 10 of its levels.

You collected 250 gold pieces.

Inventory:

Hand Weapons
 a - a +0 quarterstaff (weapon)
 h - a +0 shortbow
 n - a +1 dagger of holy wrath
 q - a +0 lajatang of chaos
 t - a +1 falchion of freezing
 v - a +2 vampiric morningstar
Missiles
 g - 3 silver boomerangs
 s - 44 poisoned darts (quivered)
 G - 48 arrows
 H - 16 boomerangs of dispersal
Armour
 b - a +0 scale mail
 c - a +1 kite shield (worn)
 f - a +0 chain mail
 l - a +1 pair of boots (worn)
 r - a +0 plate armour (worn)
Jewellery
 w - a +6 ring of strength (left hand)
 I - a ring of fire
Wands
 E - a wand of acid (6)
 F - a wand of flame (24)
Scrolls
 p - a scroll of enchant weapon
 x - 2 scrolls of immolation {unknown}
 y - a scroll of magic mapping {unknown}
 B - a scroll of holy word {unknown}
 C - 2 scrolls of amnesia {unknown}
Potions
 d - a potion of might
 e - a potion of lignification {unknown}
 i - a potion of flight
 j - 2 potions of resistance
 m - a potion of brilliance
 o - a potion of ambrosia {unknown}
 u - a potion of curing
 z - 2 potions of haste {unknown}
 A - a potion of attraction
 D - a potion of degeneration {unknown}


   Skills:
 + Level 8.7(13.7) Fighting
 + Level 7.7(12.7) Staves
 + Level 8.8(13.8) Armour
 - Level 9.0(14.0) Shields
 - Level 4.0 Invocations


You had 9 spell levels left.
You didn't know any spells.
Your spell library contained the following spells:

 Spells                   Type           Power      Damage    Failure   Level
 Freeze                   Ice            0%         1d3       94%         1
 Passwall                 Tmut/Erth      0%         N/A       98%         2
 Frozen Ramparts          Ice            0%         1d2       100%        3
 Inner Flame              Hex/Fire       0%         N/A       100%        3
 Cause Fear               Hex            0%         N/A       100%        4
 Hailstorm                Conj/Ice       0%         3d3       100%        4
 Discord                  Hex            0%         N/A       100%        8


Dungeon Overview and Level Annotations

Branches:
Dungeon (9/15)             Temple (1/1) D:5
   Lair: D:8-11         Orc: D:9-12

Altars:
Ashenzari
Cheibriados
Dithmenos
Elyvilon
Fedhas
Hepliaklqana
Kikubaaqudgha
Makhleb
Nemelex Xobeh
Okawaru
Qazlal
Ru
Sif Muna
Trog
Uskayaw
Vehumet
Wu Jian
Xom
Yredelemnul
Zin
The Shining One

Shops:
D:5 (

Annotations:
D:7 1 runed translucent door, Crazy Yiuf


Innate Abilities, Weirdness & Mutations

You cannot be hasted, slowed, berserked, paralysed or teleported.
You can dig through walls and to a lower floor.
You have a pair of large antennae on your head. (SInv)
Your four strong arms can wield two-handed weapons with a shield.


Message History

The electric eel completely resists.
The bolt of electricity hits you!
* * * LOW HITPOINT WARNING * * *
You feel very mighty all of a sudden.
The electric eel shoots out a bolt of lightning at you!
The bolt of electricity hits the electric eel.
The electric eel completely resists.
The bolt of electricity hits you.
* * * LOW HITPOINT WARNING * * *
You feel much better.
The electric eel shoots out a bolt of lightning at you!
The bolt of electricity hits you but does no damage.
The electric eel shoots out a bolt of lightning at you!
The bolt of electricity hits the electric eel.
The electric eel completely resists.
The bolt of electricity hits you but does no damage.
Your unstable footing causes you to fumble your attack.
You bludgeon the electric eel!!
You kill the electric eel!
Okawaru accepts your kill.
You hear a splash.
You feel like a meek peon again.
The electric eel shoots out a bolt of lightning at you!
The bolt of electricity hits you!
* * * LOW HITPOINT WARNING * * *
The electric eel shoots out a bolt of lightning at you!
The bolt of electricity hits you!
* * * LOW HITPOINT WARNING * * *
You barely miss the electric eel.
You feel better.
The electric eel shoots out a bolt of lightning at you!
The bolt of electricity hits you.
* * * LOW HITPOINT WARNING * * *
You closely miss the electric eel.
The electric eel shoots out a bolt of lightning at you!
The bolt of electricity hits you but does no damage.
Your unstable footing causes you to fumble your attack.
You gain the combat prowess of a mighty hero.
You closely miss the electric eel.
The electric eel shoots out a bolt of lightning at you!
The bolt of electricity hits you!
You die...

#.##.# #.# ### #.# #.#
#.##.# #.# ##≈♣♣###.# #.#
#.##.# #.###≈≈≈♣≈##.# #.#
#.##.# #)#≈≈♣≈≈≈≈≈#.# #.#
#.##.###.†♣♣≈≈≈≈♣≈♣♣####.#
.........♣♣≈≈≈≈≈≈≈♣≈>....#
(..#.###♣♣≈≈≈≈≈≈≈≈♣♣######
...#.# ♣≈♣≈≈≈♣≈†≈≈≈#
...#.# ♣≈≈≈♣≈≈≈@♣≈♣≈#
#.##.# .≈≈≈≈≈≈≈≈;≈♣♣♣#
#.##.# ≈♣≈≈♣≈≈≈≈≈≈≈≈≈#
#.##.# ♣≈≈≈≈≈≈≈≈≈≈≈≈♣
#.##.# ≈P≈≈≈≈≈≈≈≈≈≈♣ #.#
≈≈≈≈≈≈≈≈≈≈≈≈≈# #.#
≈≈≈≈≈≈≈≈≈≈≈≈♣# ..##
≈≈≈≈≈≈≈≈≈≈≈♣≈ #).#
≈≈≈≈≈≈≈≈≈≈♣♣#


You could see an electric eel.

Vanquished Creatures
  3 centaur zombies
  6 yaks (D:9)
  2 steam dragons
  A hornet zombie (D:7)
  An ice beast (D:6)
  Duvessa (D:6)
  3 orc warriors
  2 sky beasts
  3 ogres
  A black bear (D:7)
  A necrophage (D:4)
  A centaur (D:6)
  2 kobold brigands (D:6)
  2 bullfrogs
  2 gnoll sergeants
  Dowan (D:6)
  A water moccasin zombie (D:3)
  A water moccasin skeleton (D:6)
  A wight (D:7)
  A howler monkey (D:6)
  6 electric eels (D:6)
  A bullfrog zombie (D:6)
  A hound (D:4)
  5 orc priests
  A bullfrog skeleton (D:6)
  A gnoll shaman (D:7)
  A jelly (D:4)
  2 centaur skeletons
  4 iguanas
  5 orc wizards
  A killer bee zombie (D:3)
  A hound zombie (D:5)
  3 hound skeletons
  A mummy (D:7)
  Robin (D:2)
  9 gnolls
  8 adders
  2 shadow imps
  3 white imps
  An ufetubus (D:5)
  A worm (D:2)
  A dart slug (D:4)
  19 orcs
  A ball python (D:3)
  5 bats
  4 endoplasms
  A giant cockroach (D:2)
  5 hobgoblins
  7 jackals
  3 quokkas
  2 frilled lizards (D:1)
  9 goblins (D:2)
  9 kobolds
  5 rats
165 creatures vanquished.

Vanquished Creatures (others)
  57 plants (D:6)
  4 withered plants (D:7)
61 creatures vanquished.

Grand Total: 226 creatures vanquished

Notes
Turn   | Place    | Note
-------+----------+-------------------------------------------
     0 | D:1      | AarnesTheHuman the Formicid Fighter began the quest for the
                  | Orb.
     0 | D:1      | Reached XP level 1. HP: 18/18 MP: 1/1
   323 | D:1      | Reached XP level 2. HP: 18/24 MP: 2/2
   735 | D:1      | Reached skill level 4 in Shields
  1416 | D:2      | Reached XP level 3. HP: 29/29 MP: 3/3
  1897 | D:2      | Noticed Robin
  1918 | D:2      | Killed Robin
  1919 | D:2      | Reached XP level 4. HP: 37/37 MP: 4/4
  2236 | D:3      | Noticed an ogre
  2601 | D:3      | Killed an ogre
  2602 | D:3      | Reached skill level 5 in Shields
  2602 | D:3      | Reached XP level 5. HP: 22/42 MP: 5/5
  2892 | D:3      | Reached XP level 6. HP: 46/48 MP: 6/6
  3519 | D:4      | Reached skill level 6 in Shields
  3557 | D:4      | Noticed a necrophage
  3574 | D:4      | Killed a necrophage
  3575 | D:4      | Reached XP level 7. HP: 53/55 MP: 7/7
  3743 | D:4      | Noticed a steam dragon
  3754 | D:4      | Killed a steam dragon
  3775 | D:4      | Reached skill level 5 in Armour
  4168 | D:5      | Entered Level 5 of the Dungeon
  4181 | D:5      | Reached skill level 5 in Fighting
  4295 | D:5      | Found a staircase to the Ecumenical Temple.
  4305 | Temple   | Entered the Ecumenical Temple
  4389 | Temple   | Became a worshipper of Warmaster Okawaru
  4425 | D:5      | Reached skill level 7 in Shields
  4515 | D:5      | Reached XP level 8. HP: 46/62 MP: 8/8
  4675 | D:5      | Reached skill level 1 in Invocations
  4756 | D:5      | Found Rodey's Weapon Boutique.
  4846 | D:5      | Reached * piety under Okawaru
  5166 | D:5      | Reached skill level 8 in Shields
  5935 | D:6      | You fall into a shaft and drop 3 floors!
  6014 | D:9      | Reached XP level 9. HP: 13/69 MP: 8/11
  6680 | D:9      | Reached skill level 5 in Staves
  6690 | D:9      | Reached ** piety under Okawaru
  6691 | D:9      | Reached skill level 9 in Shields
  6941 | D:9      | Found a hide-covered altar of Uskayaw.
  7054 | D:8      | Reached *** piety under Okawaru
  7182 | D:8      | Reached XP level 10. HP: 79/79 MP: 13/13
  7654 | D:7      | Found a basalt altar of Yredelemnul.
  7657 | D:7      | Found a stormy altar of Qazlal.
  7657 | D:7      | Found a shimmering altar of Xom.
  7946 | D:7      | Found a runed translucent door.
  7947 | D:7      | Noticed Crazy Yiuf
  8429 | D:6      | Found a shimmering blue altar of Sif Muna.
  8429 | D:6      | Noticed Dowan
  8837 | D:6      | Noticed Duvessa
  8857 | D:6      | Killed Duvessa
  8913 | D:6      | Found a bloodstained altar of Trog.
  8924 | D:6      | Killed Dowan
  8974 | D:6      | Got Sif Muna's Incunabulum of Clay
  9031 | D:6      | You fall into a shaft and drop 3 floors!
  9236 | D:7      | Found a shadowy altar of Dithmenos.
 10294 | D:6      | HP: 2/82 [electric eel/bolt of electricity (12)]
 10299 | D:6      | HP: 2/82 [electric eel/bolt of electricity (6)]
 10302 | D:6      | Reached **** piety under Okawaru
 10304 | D:6      | HP: 4/82 [electric eel/bolt of electricity (7)]
 10310 | D:6      | Killed from afar by an electric eel

Illustrated notes

Levels and vault maps discovered:
D:1:      tarquinn_simple_flora_water_f, layout_basic, minmay_misc_feat_cross,
          nrook_mini_backslash
D:2:      layout_basic, minmay_pentomino_r4, uniq_robin
D:3:      layout_rooms, chequers_garden, grunt_decor_mini_mirrors
D:4:      minmay_razor_zed, layout_rooms
D:5:      minmay_general_purpose_star, layout_gridville,
          minmay_temple_entry_antechambers, serial_shops, nicolae_shop_crystal,
          minmay_a_box_with_orc_wizards_in_it
D:6:      layout_basic, nzn_overflow_gifts_of_might_and_magic, serial_bayou,
          serial_bayou_shore_b, serial_bayou_lagoon_a, serial_bayou_pond_c,
          serial_bayou_lake_a, minmay_unpleasant_kobolds
D:7:      layout_loops_corners, chequers_temple_overflow_statue_of_worship,
          serial_undead, serial_undead_d, serial_undead_c, serial_undead_a,
          serial_undead_c, chequers_serial_rivers_large_b,
          uniq_crazy_yiuf_cottage
D:8:      layout_basic, nicolae_gozag_seed_capital, solitary_fountain,
          st_stairs_1
D:9:      cheibrodos_elevator_heist, layout_stronghold,
          nicolae_uskayaw_dance_hall, hangedman_glass_teeth, uniq_maggie
Temple:   nicolae_temple_great_sept

Skill      XL: |  1  2  3  4  5  6  7  8  9 10 |
---------------+-------------------------------+-----
Shields        | 4 5 6 7 8 9 |  9.0
Fighting       | 4 5 7 8 |  8.7
Staves         | 3 4 6 7 |  7.7
Armour         | 4 5 7 8 |  8.8
Invocations    | 3 4 |  4.0

Action                   |  1- 3 |  4- 6 |  7- 9 | 10-12 || total
-------------------------+-------+-------+-------+-------++-------
Melee: Quarterstaff      |   108 |    58 |   314 |   258 ||   738
       Lajatang          |       |    38 |       |       ||    38
       Dagger            |       |    13 |     6 |       ||    19
Throw: Boomerang         |       |     2 |       |       ||     2
       Dart              |       |     3 |       |     6 ||     9
Invok: Heroism           |       |       |     3 |     3 ||     6
 Abil: Dig               |     1 |       |     7 |     2 ||    10
  Use: Scroll            |       |     8 |     5 |       ||    13
       Potion            |       |       |     1 |     4 ||     5
Armor: Chain mail        |    71 |    25 |       |       ||    96
       Plate armour      |       |    38 |   181 |    69 ||   288
Dodge: Dodged            |    20 |    30 |    79 |    53 ||   182
Block: Kite shield       |    57 |    65 |   251 |   129 ||   502

Table legend: (Time is in decaauts)
 A = Elapsed time spent in this place.
 B = Non-inter-level travel time spent in this place.
 C = Inter-level travel time spent in this place.
 D = Time resting spent in this place.
 E = Time spent auto-exploring this place.
 F = Levels seen in this place.
 G = Mean time per level.
                   A        B        C        D        E       F      G
               +--------+--------+--------+--------+--------+-----+--------+
         Total |  10447 |  10095 |    352 |   2657 |   5120 |  10 | 1044.7 |
       Dungeon |  10347 |  10014 |    333 |   2657 |   5046 |   9 | 1149.7 |
        Temple |     99 |     80 |     19 |      0 |     74 |   1 |   99.0 |
               +--------+--------+--------+--------+--------+-----+--------+

Top non-repeatable levels by time:
     D:6: 1738 daAuts
     D:5: 1515 daAuts
     D:2: 1312 daAuts
     D:7: 1265 daAuts
     D:1: 1222 daAuts
     D:9: 1191 daAuts
     D:4: 918 daAuts
     D:3: 795 daAuts
     D:8: 387 daAuts
  Temple: 99 daAuts
